Markus, neutral male human Tourist ----- --------- |<..--- ------.......-- ------- --------------- |.....---|.........--..| |.....| |...%.........| -..|....|.---------|..| |.._..| --+---.--.----+- --.|-.....---- ---- |.....| ------ ---- |..|...|-.| --|.........|--- ----- ---|--- |..-)| |..---|..|--.-..--- ----.|....|..----...-- |)| |..|.| ---+-.....-.--........--+- -----..|....|.....---- |%| |..|.|-----......--.....(..........| ------ |..|.............---.-- ---|.-..||.......-|..--------|--..-- |.!.%| --......---...........----- |.|..||...{....|--|..!.....(|..-- |....| |........|...|...........---|.|..|--.......| |.`(?(*`==|...| ---|-- ----....-------)..---......-|.|------....-- -----------...| ---- -.---.. |...-|..|..|-...|..---...|.--..|...|....|------ |.......-- |..|-.........|..--|..|..|--.....|-....|........---..%-|.(((| |.------- |..-...............-|---|-----..-|..........--.)/)|-...-.(((| |.|...| -----.....{....----...............|...`.......|-...|...-|.(((| |.|...| |..............-- --+--.---------.........--..|........|------ |.--|------- -+-----.........| |.|.(((| --.......- ---|.oo|....|--------.....|....| --..------- |.-.(((| ---...--- --)@| ..--......|...{..-..-|| --- --|.(((| ----- ---- .....----........|..|(| ------ ----- --------------- Markus the Excursionist Experience level: 7 Strength: 13 Dexterity: 16 Constitution: 18 Intelligence: 11 Wisdom: 9 Charisma: 13 Health: 0(74) Energy: 27(27) Def: 14 Gold: 295 Moves: 6285 Dungeon seed: ULFclahY-wdByl8U Game ID: Markus_1537970827 Your Inventory: Coins $ - 295 gold pieces Amulets n - an uncursed amulet of unchanging (being worn) Weapons a - 8 +2 darts (in quiver) u - a +0 dwarvish short sword w - a corroded +2 dart G - a cursed -1 club L - 23 +0 darts M - a +0 club N - a +0 morning star (weapon in hand) R - a +1 dagger Armor e - an uncursed +0 Hawaiian shirt (being worn) r - an uncursed +0 alchemy smock (being worn) x - a cursed +0 dwarvish mithril-coat (being worn) y - an uncursed +1 dwarvish iron helm B - an uncursed +0 dwarvish roundshield (being worn) J - an uncursed +0 dwarvish iron helm (being worn) U - an uncursed +0 pair of iron shoes X - an uncursed +1 pair of iron shoes (being worn) Comestibles b - an uncursed tin of spinach c - 2 uncursed food rations d - an uncursed apple Scrolls j - 3 uncursed scrolls of magic mapping k - a blessed scroll of magic mapping C - an uncursed scroll of identify Potions F - 2 uncursed potions of water O - an uncursed potion of blindness Rings v - an uncursed ring of free action (on left hand) D - an uncursed ring of invisibility Wands h - a wand of striking (0:0) o - a wand of speed monster (0:7) E - a wand of striking (0:0) I - a wand of digging (0:5) K - a wand of digging (0:6) Tools f - 9 blessed wax candles (0:400) l - an expensive camera (0:26) m - an uncursed credit card t - an uncursed stethoscope A - an uncursed oil lamp (0:1348) H - an uncursed towel P - 11 uncursed wax candles (0:400) T - 4 uncursed tallow candles (0:200) Gems g - an uncursed worthless piece of red glass p - an uncursed worthless piece of yellowish brown glass q - 6 uncursed worthless pieces of orange glass s - an uncursed worthless piece of green glass z - an uncursed amber stone Y - an uncursed worthless piece of black glass Spells and supernatural/magical abilities: Name Level Category Fail Memory W - pray for help -- divine ? -- Your skills at the end: Fighting Skills Weapon Skills short sword [Basic] morning star [Basic] dart [Basic] Spellcasting Skills Final Attributes: You were piously aligned. You were poison resistant. You were acid resistant. You could not change from your current form. You had free action. You were lucky. You are dead. Vanquished creatures: a large dog a quivering blob a winter wolf cub 3 gnome kings 3 ogres a chickatrice a bugbear 5 Mordor orcs 9 Uruk-hai a rock piercer a shrieker 9 gnome lords 4 gnomish wizards 2 kobold mummies 2 elf zombies a floating eye 10 dwarves a homunculus a giant bat an orc zombie a dwarf zombie 3 acid blobs 2 coyotes 2 hobbits a large kobold a hobgoblin 3 yellow molds a red mold 29 gnomes a gnome zombie 2 geckos 5 jackals 3 foxes 4 kobolds 5 sewer rats 8 grid bugs 3 bats 5 lichens a kobold zombie 8 newts 146 creatures vanquished. Voluntary challenges: You had followed a strict vegetarian diet until turn 2186. You used a wielded weapon 204 times, starting on turn 2760. You read items or engraved 4 times, starting on turn 1250. You never genocided any monsters. You never polymorphed an object. You never changed form. You used no wishes. You never split a pudding. You wrote Elbereth's name 2 times, starting on turn 6169. You violated your moral code, losing 10 points of alignment, starting on turn 1372. Dungeon overview: The Dungeons of Doom: levels 1 to 4 Level 1 a long staircase Level 2 an altar to Offler Level 3 a fountain Level 4 a hardware shop, an altar to Blind Io stairs to The Gnomish Mines The Gnomish Mines: levels 5 to 8 Level 5 stairs to The Dungeons of Doom Level 6 Level 7 Level 8 <- You were here many shops, a temple to The Lady, some fountains History has recorded: On T:1 you entered the Dungeons of Doom to retrieve the Amulet of Yendor! On T:574 you advanced to experience level 2. On T:767 you reached level 2 of The Dungeons of Doom. On T:795 you advanced to experience level 3. On T:1129 you reached level 3 of The Dungeons of Doom. On T:1562 you reached level 4 of The Dungeons of Doom. On T:2156 you advanced to experience level 4. On T:2543 you reached level 1 of The Gnomish Mines. On T:2765 you advanced to experience level 5. On T:3129 you reached level 2 of The Gnomish Mines. On T:3365 you advanced to experience level 6. On T:3966 you reached level 3 of The Gnomish Mines. On T:4489 you reached level 4 of The Gnomish Mines. On T:4664 you advanced to experience level 7. Score breakdown: Gold: 0 ( 0 points) Experience: 7 levels (13645 points) Exploration: 8 levels ( 17.78%) (11965 points) Discoveries: 22 items ( 7.38%) ( 8151 points) Valuables value: (no points given unless you survive) Artifact value: 0 ( 0 points) Variety of kills: 40 monsters ( 10.50%) ( 9720 points) Turncount: 6285 turns (-1692 points) Survival: died (score multiplied by 80%) Total score: 33431 Latest messages: You read: "Elbereth". The Mordor orc turns to flee! You stop waiting. You are almost hit by a knife. You stop waiting. The Mordor orc turns to flee! The Mordor orc bumps right into you! The Mordor orc zaps a wand of magic missile! The magic missile hits you! The magic missile bounces! The magic missile hits you! The magic missile hits the Mordor orc. You hit the Mordor orc. The Mordor orc zaps a wand of magic missile! The magic missile hits you! The magic missile bounces! The magic missile whizzes by you! The magic missile hits the Mordor orc! You hit the Mordor orc! The Mordor orc zaps a wand of magic missile! The magic missile hits you! You hear the howling of the CwnAnnwn... The magic missile bounces! The magic missile hits you! You die... Final status: Aloha Markus the Tourist, killed by a magic missile... You died in The Gnomish Mines on dungeon level 8 with 33431 points, and 295 pieces of gold, after 6285 moves. You were level 7 with a maximum of 74 hit points when you died.